 Dungeon Crawl Stone Soup version 0.31-a0-986-g5e6e4ef867 (webtiles) character file.

Game seed: 1330621719713703820

2317 monsoonserge the Grappler (level 9, 0/81 HPs)
             Began as an Octopode Shapeshifter on Nov 19, 2023.
             Was an Initiate of Gozag.
             Slain by a killer bee (2 damage)
             ... on level 7 of the Dungeon.
             The game lasted 00:16:21 (6635 turns).

monsoonserge the Grappler (Octopode Shapeshifter)   Turns: 6635, Time: 00:16:22

Health: 0/81       AC: 24    Str: 23    XL:     9   Next: 41%
Magic:  9/9        EV:  2    Int: 12    God:    Gozag
Gold:   703        SH:  3    Dex: 12    Spells: 6/8 levels left

rFire   + .          .
                       - Unarmed
rCold   . . .        u - +0 buckler
rNeg    . . .        (helmet currently unavailable)
rPois   +            j - amulet of Viyf {Acrobat rF+}
rElec   .            x - +6 ring of strength
rCorr   +            z - ring of poison resistance
SInv    .            A - ring of resist corrosion
Will    .....        (no ring)
Stlth   ++           (no ring)
HPRegen 0.33/turn    (no ring)
MPRegen 0.11/turn    (no ring)
                     (no ring)

%: acrobat
@: lethally poisoned (0 -> -5), tree-form
A: stationary, stasis, torment immunity, boosted hp, almost no armour,
(amphibious), 8 rings, (camouflage 1), (gelatinous body 1), (nimble swimmer 1),
(tentacles)
a: Renounce Religion, Potion Petition, Call Merchant, Bribe Branch


You were on level 7 of the Dungeon.
You worshipped Gozag.
Gozag was pleased with you.
You were a tree.
You visited 2 branches of the dungeon, and saw 9 of its levels.
You also visited: Sewer.

You collected 900 gold pieces.
You spent 120 gold pieces at shops.
You paid 77 gold pieces to Gozag.

Inventory:

Hand Weapons
 m - a +0 sling
Missiles
 h - 6 boomerangs (quivered)
 p - 8 poisoned darts
Armour
 u - a +0 buckler (worn)
Magical Staves
 n - a staff of poison
Jewellery
 j - the amulet of Viyf (around neck) {Acrobat rF+}
   (You took it off a kobold on level 2 of the Dungeon)

   [amulet of the acrobat]

   Acrobat:   It increases your evasion while moving and waiting.
   rF+:       It protects you from fire.
 x - a +6 ring of strength (left branch)
 z - a ring of poison resistance (right branch)
 A - a ring of resist corrosion (on tentacle)
Talismans
 b - a beast talisman
 c - a flux talisman
Scrolls
 e - 5 scrolls of teleportation
 i - 3 scrolls of enchant weapon
 k - a scroll of poison
 l - 2 scrolls of immolation
 s - 5 scrolls of fear {unknown}
 t - a scroll of noise
 w - a scroll of revelation {unknown}
 y - a scroll of vulnerability {unknown}
 B - a scroll of identify
Potions
 d - a potion of enlightenment {unknown}
 f - 3 potions of heal wounds {unknown}
 g - 2 potions of might
 o - a potion of curing
 q - a potion of magic {unknown}
 r - 2 potions of mutation
 v - a potion of attraction {unknown}


   Skills:
 + Level 2.2 Fighting
 + Level 1.6 Throwing
 + Level 4.3 Dodging
 - Level 1.0 Stealth
 + Level 10.8 Unarmed Combat
 + Level 4.9 Shapeshifting


You had 6 spell levels left.
You knew the following spells:

 Your Spells              Type           Power      Damage    Failure   Level
a - Wereblood             Tmut           0%         N/A       52%         2

Your spell library contained the following spells:

 Spells                   Type           Power      Damage    Failure   Level
 Sandblast                Erth           0%         2d4       38%         1
 Ensorcelled Hibernation  Hex/Ice        0%         N/A       52%         2
 Passwall                 Tmut/Erth      0%         N/A       52%         2
 Sublimation of Blood     Necr           0%         N/A       52%         2
 Stone Arrow              Conj/Erth      0%         3d7       77%         3
 Swiftness                Air            0%         N/A       77%         3
 Brom's Barrelling Bould  Conj/Erth      0%         2d3       99%         4
 Summon Hydra             Summ           0%         N/A       100%        7


Dungeon Overview and Level Annotations

Branches:
Dungeon (8/15)             Temple (1/1) D:4           Sewer (visited)
   Lair: D:8-11

Altars:
Ashenzari
Cheibriados
Dithmenos
Elyvilon
Fedhas
Gozag
Kikubaaqudgha
Makhleb
Nemelex Xobeh
Okawaru
Qazlal
Ru
Sif Muna
Trog
Uskayaw
Vehumet
Wu Jian
Xom
Yredelemnul
Zin
The Shining One

Shops:
D:2 =   D:4 !


Innate Abilities, Weirdness & Mutations

You are a tree.
Your roots penetrate the ground, keeping you stationary.
You cannot be teleported.
You are immune to unholy pain and torment.
Your maximum health is greatly increased.
You cannot wear most types of armour.
((You are amphibious.))
You can wear up to eight rings at the same time.
((Your skin changes colour to match your surroundings (Stealth+).))
((Your rubbery body absorbs attacks. (AC +1, EV +1)))
((You are camouflaged when in or above water. (Stealth+)))
((You have tentacles for arms and can constrict up to eight enemies at once.))


Message History

You block the killer bee's attack.
Unknown command.
You miss the killer bee.
The killer bee is lightly wounded.
The killer bee stings you.
* * * LOW HITPOINT WARNING * * *
You are poisoned.
The killer bee poisons you!
The killer bee stings you but does no damage. x4
The killer bee barely misses you.
You smack the killer bee!
The killer bee is almost dead.
You feel sick.
The killer bee stings you but does no damage.
The killer bee stings you.
* * * LOW HITPOINT WARNING * * *
You block the killer bee's attack.
The killer bee stings you but does no damage.
You barely miss the killer bee. Your punch misses the killer bee.
The killer bee is almost dead.
You feel sick.
The killer bee stings you but does no damage. x3
You block the killer bee's attack. The killer bee stings you.
* * * LOW HITPOINT WARNING * * *
Unknown command.
You are quite poisoned (8 -> 3).
You are a tree.
Your movement speed is average.
Your attack delay is about 0.8.
Your damage rating with unarmed combat is about 30 (Base [12 + 10 (UC)] x 132% (Str) x 103% (Fight)).
Your base attributes are Str 17, Int 12, Dex 12.
You hit the killer bee but do no damage.
The killer bee is almost dead.
You feel sick. The killer bee stings you.
* * * LOW HITPOINT WARNING * * *
The killer bee stings you but does no damage.
The killer bee stings you.
* * * LOW HITPOINT WARNING * * *
The killer bee stings you but does no damage.
The killer bee stings you.
You die...
Your body crumbles into a pile of gold.

#.#.#............#..#
#.#.#.###..#######..#####
..#.#.#.................#
###.#.#.#.##....#..####.#
......#.#.#####....# #.#
......#.#.# #...## #.#
........#.#####...#####.#
.....#........#...#.....#
..............#y♣.#....##
.....#........##yy#..#.#
.....###########..#..#.#
.....##...........#..#.#
#######........)..####.#
#................#
#####.........########
#..........##############
###..........#
#..........#


You could see 3 killer bees.

Vanquished Creatures
  2 water moccasins
  An orc warrior (D:7)
  Pargi (Sewer)
  An ice beast (D:6)
  A sky beast (D:7)
  An ogre (D:5)
  2 centaurs
  A phantom (D:6)
  A scorpion (D:7)
  6 killer bees (D:8)
  4 howler monkeys (D:7)
  A sleepcap (D:4)
  4 orc priests
  5 hounds
  2 jellies
  A gnoll bouda (D:6)
  6 iguanas
  7 orc wizards
  4 gnolls (D:6)
  7 adders
  A river rat (D:3)
  A shadow imp (D:6)
  A white imp (D:5)
  2 ufetubi (D:7)
  2 worms (D:2)
  3 dart slugs
  21 orcs
  3 ball pythons
  11 bats
  7 endoplasms
  3 giant cockroaches (D:3)
  4 hobgoblins
  6 jackals
  5 quokkas
  A frilled lizard (D:1)
  4 goblins
  9 kobolds
  7 rats
149 creatures vanquished.

Notes
Turn   | Place    | Note
-------+----------+-------------------------------------------
     0 | D:1      | monsoonserge the Octopode Shapeshifter began the quest for
                  | the Orb.
     0 | D:1      | Reached XP level 1. HP: 13/13 MP: 1/1
   112 | D:1      | Reached XP level 2. HP: 14/18 MP: 2/2
   391 | D:1      | Found a faded altar of an unknown god.
   655 | D:2      | Reached skill level 1 in Stealth
   655 | D:2      | Reached XP level 3. HP: 23/23 MP: 3/3
   799 | D:2      | Reached XP level 4. HP: 12/28 MP: 4/4
   988 | D:2      | Found Sukluip's Jewellery Emporium.
  1106 | D:2      | Identified the amulet of Viyf {Acrobat rF+}
  1708 | D:3      | Reached skill level 4 in Unarmed Combat
  1713 | D:3      | Reached XP level 5. HP: 26/33 MP: 5/5
  1737 | D:3      | Learned a level 2 spell: Wereblood
  1856 | D:3      | Noticed a phantom
  1989 | D:3      | Reached skill level 5 in Unarmed Combat
  2008 | D:3      | Found a glowing drain.
  2017 | Sewer    | Entered a sewer
  2023 | Sewer    | Reached XP level 6. HP: 37/38 MP: 6/6
  2051 | Sewer    | Noticed Pargi
  2064 | Sewer    | Killed Pargi
  2506 | D:4      | Reached skill level 6 in Unarmed Combat
  2572 | D:4      | Found a staircase to the Ecumenical Temple.
  2579 | Temple   | Entered the Ecumenical Temple
  2610 | Temple   | Became a worshipper of Gozag Ym Sagoz the Greedy
  2717 | D:4      | Found Goireib's Distillery.
  2728 | D:4      | Bought a potion of curing for 30 gold pieces
  2728 | D:4      | Bought a potion of degeneration for 10 gold pieces
  2728 | D:4      | Bought a potion of mutation for 80 gold pieces
  2740 | D:4      | Reached XP level 7. HP: 31/43 MP: 7/7
  3087 | D:4      | Noticed a hornet
  3104 | D:5      | Entered Level 5 of the Dungeon
  3244 | D:5      | Reached skill level 7 in Unarmed Combat
  3948 | D:6      | Identified the +0 cloak of Focus {rC+}
  4066 | D:6      | Reached XP level 8. HP: 48/48 MP: 8/8
  4205 | D:6      | Reached skill level 8 in Unarmed Combat
  5159 | D:7      | Reached skill level 1 in Throwing
  5159 | D:7      | Reached skill level 9 in Unarmed Combat
  5941 | D:7      | Reached skill level 10 in Unarmed Combat
  5941 | D:7      | Reached XP level 9. HP: 47/54 MP: 9/9
  6635 | D:7      | HP: 2/81 [killer bee (3)]
  6635 | D:7      | Slain by a killer bee

Illustrated notes

Levels and vault maps discovered:
D:1:      amcnicky_arrival_feature_with_door, layout_basic,
          shapermc_ecumenical_altar_pompeii
D:2:      layout_loops_cross, serial_shops, shop
D:3:      layout_loops_ring, gup_sewer_entry_bubbles
D:4:      wander_river, layout_basic, temple_fountains, serial_shops,
          nicolae_shop_tiny_statue_garden, serial_bayou_lake_a
D:5:      layout_layer_cave
D:6:      layout_basic
D:7:      layout_basic
D:8:      layout_loops_ring, kennysheep_generic_room_12
Temple:   kilobyte_greek_temple

Skill      XL: |  1  2  3  4  5  6  7  8  9 |
---------------+----------------------------+-----
Stealth        | 1 |  1.0
Unarmed Combat | 4 5 6 7 10 | 10.8
Shapeshifting  | 4 |  4.9
Dodging        | 3 4 |  4.3
Throwing       | 1 |  1.6
Fighting       | 2 |  2.2

Action                     |  1- 3 |  4- 6 |  7- 9 || total
---------------------------+-------+-------+-------++-------
  Melee: Unarmed           |    58 |   111 |   160 ||   329
         Constrict         |    15 |    29 |    38 ||    82
         Tentacles         |     7 |    28 |    30 ||    65
         Punch             |     2 |     2 |     8 ||    12
  Throw: Boomerang         |       |     2 |    10 ||    12
    Use: Potion            |       |     1 |     2 ||     3
         Scroll            |       |       |     6 ||     6
   Stab: Distracted        |     1 |       |     3 ||     4
         Sleeping          |     4 |     9 |     5 ||    18
 Armour: Skin              |    25 |    36 |    92 ||   153
  Dodge: Dodged            |    36 |    65 |    94 ||   195
  Block: Buckler           |       |       |    21 ||    21

Table legend: (Time is in decaauts)
 A = Elapsed time spent in this place.
 B = Non-inter-level travel time spent in this place.
 C = Inter-level travel time spent in this place.
 D = Time resting spent in this place.
 E = Time spent auto-exploring this place.
 F = Levels seen in this place.
 G = Mean time per level.
                   A        B        C        D        E       F      G
               +--------+--------+--------+--------+--------+-----+--------+
         Total |   6618 |   6130 |    488 |    737 |   3271 |  10 |  661.8 |
       Dungeon |   6460 |   6029 |    431 |    737 |   3265 |   8 |  807.5 |
        Temple |     61 |      4 |     57 |      0 |      0 |   1 |   61.0 |
         Sewer |     96 |     96 |      0 |      0 |      6 |   1 |   96.0 |
               +--------+--------+--------+--------+--------+-----+--------+

Top non-repeatable levels by time:
     D:6: 1322 daAuts
     D:7: 1283 daAuts
     D:2: 834 daAuts
     D:5: 820 daAuts
     D:3: 755 daAuts
     D:1: 754 daAuts
     D:4: 601 daAuts
   Sewer: 96 daAuts
     D:8: 88 daAuts
  Temple: 61 daAuts
